 Dungeon Crawl Stone Soup version 0.30.1-3-gfc49f6343a (webtiles) character file.

Game seed: 14321095440578666231

2086 Destapler the Blocker (level 9, -4/78 (81) HPs)
             Began as a Minotaur Fighter on July 20, 2023.
             Was an Initiate of Makhleb.
             Slain by a wight
             ... wielding a +0 falchion
              (8 damage)
             ... on level 6 of the Dungeon.
             The game lasted 00:10:53 (5158 turns).

Destapler the Blocker (Minotaur Fighter)            Turns: 5158, Time: 00:10:53

HP:   -4/78 (81)    AC: 11    Str: 22    XL:     9   Next: 6%
MP:   8/8           EV:  9    Int:  5    God:    Makhleb [......]
Gold: 141           SH:  6    Dex: 13    Spells: 8/8 levels left

rFire   . . .        a - +0 war axe
rCold   . . .        c - +0 buckler
rNeg    . . .        y - +2 scale mail {rPois}
rPois   +            (helmet restricted)
rElec   .            f - +0 cloak
rCorr   .            (no gloves)
SInv    .            (no boots)
Will    .....        B - amulet of faith Stlth
                     (no ring)
HPRegen 0.33/turn    (no ring)
MPRegen 0.11/turn

%: faith
@: lightly drained
A: horns 2, retaliatory headbutt
a: Renounce Religion


You were on level 6 of the Dungeon.
You worshipped Makhleb.
Makhleb was noncommittal.
You visited 2 branches of the dungeon, and saw 8 of its levels.

You collected 189 gold pieces.
You spent 48 gold pieces at shops.

Inventory:

Hand Weapons
 a - a +0 war axe (weapon)
Missiles
 t - 8 poisoned darts (quivered)
Armour
 c - a +0 buckler (worn)
 f - a +0 cloak (worn)
 y - a +2 scale mail of poison resistance (worn)
Jewellery
 B - an amulet of faith (around neck)
Wands
 o - a wand of digging (5)
 A - a wand of quicksilver (10)
Scrolls
 b - a scroll of fog {unknown}
 e - 3 scrolls of identify {unknown}
 g - 2 scrolls of enchant armour {unknown}
 h - a scroll of brand weapon {unknown}
 j - 2 scrolls of poison {unknown}
 k - 2 scrolls of vulnerability {unknown}
 l - a scroll of acquirement {unknown}
 m - a scroll of fear {unknown}
 n - a scroll of noise {unknown}
 p - a scroll of blinking {unknown}
 r - 2 scrolls of teleportation {unknown}
 s - a scroll of magic mapping {unknown}
 v - a scroll of butterflies {unknown}
 x - a scroll of amnesia {unknown}
Potions
 d - a potion of invisibility {unknown}
 i - a potion of curing
 q - 2 potions of heal wounds {unknown}
 u - a potion of resistance {unknown}
 w - 4 potions of mutation {unknown}
 z - a potion of brilliance {unknown}
 C - a potion of berserk rage {unknown}


   Skills:
 + Level 8.0 Fighting
 + Level 7.6 Axes
 + Level 8.0 Armour
 + Level 8.0 Shields


You had 8 spell levels left.
You didn't know any spells.
Your spell library contained the following spells:

 Spells                   Type           Power      Damage    Failure   Level
 Kiss of Death            Conj/Necr      0%         2d5       82%         1
 Sting                    Tmut/Pois      0%         1d3       82%         1
 Poisonous Vapours        Pois/Air       0%         N/A       91%         2
 Confusing Touch          Hex            0%         N/A       99%         3
 Gell's Gravitas          Tloc           0%         N/A       99%         3
 Teleport Other           Tloc           0%         N/A       99%         3
 Dispel Undead            Necr           0%         3d6       100%        4
 Olgreb's Toxic Radiance  Pois           0%         N/A       100%        4
 Dispersal                Tloc           0%         N/A       100%        6


Dungeon Overview and Level Annotations

Branches:
Dungeon (7/15)             Temple (1/1) D:5

Altars:
Cheibriados
Dithmenos
Elyvilon
Gozag
Hepliaklqana
Makhleb
Nemelex Xobeh
Okawaru
Qazlal
Ru
Sif Muna
Trog
Uskayaw
Vehumet
Wu Jian
Xom
Zin
The Shining One

Shops:
D:1 !


Innate Abilities, Weirdness & Mutations

You have a pair of horns on your head.
You reflexively headbutt those who attack you in melee.


Message History

Your Fighting skill increases to level 8!
Your Shields skill increases to level 8!
You have reached level 9!
Your experience leads to an increase in your attributes!
Increase (S)trength, (I)ntelligence, or (D)exterity?
You feel stronger. x2
You barely miss the wight.
The wight is moderately damaged.
The wight hits you with a +0 falchion.
* * * LOW HITPOINT WARNING * * *
You barely miss the wight. You headbutt the wight!
The wight is severely damaged.
The wight hits you with a +0 falchion.
* * * LOW HITPOINT WARNING * * *
You feel drained.
* * * LOW HITPOINT WARNING * * *
You hit the wight but do no damage.
The wight is severely damaged.
The wight hits you with a +0 falchion!
* * * LOW HITPOINT WARNING * * *
You hit the wight. You headbutt the wight.
You destroy the wight!
Makhleb accepts your kill.
Your Armour skill increases to level 8!
No target in view!
A white imp comes into view.
Found a stone staircase leading up.
Things that are here:
a +3 long sword of freezing; a +2 robe of willpower A wight comes into view.
It is wielding a +0 falchion.
The white imp sputters.
Found an escape hatch in the floor.
The white imp gestures at you. The puff of frost hits you!
* * * LOW HITPOINT WARNING * * *
The white imp gestures at you. The puff of frost hits you!
* * * LOW HITPOINT WARNING * * *
The wight hits you with a +0 falchion!
You die...

........).........# #
.........))........# ##
.........##........# ##.
.....5...###.......###..
..........###......##...
..........# #......#....
..........# ##..........
.......z..## ##.........
.......@...# ##...##...
..........## #...####.
..........# ##..# ##
#####.>..## #[.####.
###### ##..#...
#######....##
#.........##
#..........##
##...........


You could see a wight and a white imp.

Vanquished Creatures
  The ghost of TwoHeadsTalk the Caller, an amateur FeSu of Gozag (D:4)
  2 ice beasts
  3 black bears
  A sky beast (D:7)
  An ogre (D:4)
  A centaur (D:7)
  A phantom (D:4)
  2 bullfrogs
  3 scorpions
  A wyvern skeleton (D:4)
  6 wights
  A bullfrog zombie (D:4)
  A hound (D:5)
  A bullfrog skeleton (D:4)
  4 iguanas
  2 orc wizards
  A mummy (D:4)
  4 gnolls (D:3)
  6 adders
  5 worms
  4 dart slugs
  12 orcs
  10 ball pythons
  9 endoplasms
  4 giant cockroaches
  7 goblins
  6 hobgoblins
  8 jackals
  7 kobolds
  5 quokkas
  8 bats
  4 frilled lizards
  2 hobgoblin zombies (D:4)
  A kobold zombie (D:4)
  An orc zombie (D:4)
  5 rats
140 creatures vanquished.

Notes
Turn   | Place    | Note
-------+----------+-------------------------------------------
     0 | D:1      | Destapler the Minotaur Fighter began the quest for the Orb.
     0 | D:1      | Reached XP level 1. HP: 19/19 MP: 0/0
    91 | D:1      | Reached XP level 2. HP: 27/27 MP: 1/1
    94 | D:1      | Found Nucrunn's Distillery.
    99 | D:1      | Bought a potion of degeneration for 12 gold pieces
   689 | D:1      | Bought a potion of curing for 36 gold pieces
   701 | D:2      | Reached XP level 3. HP: 33/33 MP: 2/2
  1231 | D:2      | Reached XP level 4. HP: 38/40 MP: 3/3
  1399 | D:2      | Found a shadowy altar of Dithmenos.
  2225 | D:3      | Reached XP level 5. HP: 47/47 MP: 4/4
  2672 | D:4      | Reached skill level 5 in Shields
  2674 | D:4      | Reached skill level 5 in Fighting
  2674 | D:4      | Reached skill level 5 in Armour
  2674 | D:4      | Reached XP level 6. HP: 37/56 MP: 5/5
  3082 | D:4      | Found a transporter.
  3140 | D:4      | Found a transporter.
  3143 | D:4      | Noticed TwoHeadsTalk's ghost (amateur FeSu)
  3514 | D:4      | Reached skill level 5 in Axes
  3516 | D:4      | Killed TwoHeadsTalk's ghost
  3517 | D:4      | Reached XP level 7. HP: 38/63 MP: 6/6
  3621 | D:5      | Entered Level 5 of the Dungeon
  4025 | D:5      | Reached XP level 8. HP: 61/71 MP: 7/7
  4392 | D:5      | Found a staircase to the Ecumenical Temple.
  4406 | Temple   | Entered the Ecumenical Temple
  4406 | Temple   | Found a transporter.
  4406 | Temple   | Found a transporter.
  4408 | Temple   | Found a transporter.
  4408 | Temple   | Found a transporter.
  4429 | Temple   | Became a worshipper of Makhleb the Destroyer
  4540 | D:5      | You fall into a shaft and drop 2 floors!
  4781 | D:7      | Found a glowing golden altar of the Shining One.
  4825 | D:7      | Found a sparkling altar of Nemelex Xobeh.
  4825 | D:7      | Found a white marble altar of Elyvilon.
  5147 | D:6      | Reached XP level 9. HP: 30/78 MP: 8/8
  5155 | D:6      | HP: 3/78 [white imp/puff of frost (7)]
  5158 | D:6      | Slain by a wight

Illustrated notes

Levels and vault maps discovered:
D:1:      wander_arrival_peaceful_grave, layout_basic, serial_shops, shop,
          serial_bayou_pond_d
D:2:      minmay_chambers_of_ones, layout_loops_corners, basic_altar
D:3:      layout_loops_corners
D:4:      layout_basic, gammafunk_ghost_mausoleum, st_stairs_11,
          minmay_mini_ossuary
D:5:      layout_loops_cross, general_overflow_altar, minmay_temple_entry_ruins,
          minmay_misc_feat_ornament
D:6:      layout_cave_pods
D:7:      layout_cave_pods, gammafunk_temple_overflow_forgotten
Temple:   hellmonk_temple_divided_pantheon

Skill      XL: |  1  2  3  4  5  6  7  8  9 |
---------------+----------------------------+-----
Fighting       | 4 5 6 8 |  8.0
Armour         | 4 5 6 7 8 |  8.0
Shields        | 4 5 6 8 |  8.0
Axes           | 3 4 5 6 7 |  7.6

Action                     |  1- 3 |  4- 6 |  7- 9 || total
---------------------------+-------+-------+-------++-------
  Melee: War axe           |    82 |   137 |   134 ||   353
         Headbutt          |     7 |    20 |    24 ||    51
  Throw: Dart              |       |       |     2 ||     2
    Use: Potion            |       |     1 |       ||     1
 Armour: Scale mail        |    47 |    86 |    66 ||   199
         Chain mail        |       |       |    20 ||    20
  Dodge: Dodged            |    44 |    60 |    57 ||   161
  Block: Buckler           |    23 |    22 |    28 ||    73
